Unix NetHack Version 3.7.0-88 Work-in-progress - last build Aug 6 2023 13:40:22 (5c9c4c7fffe0d5f0a8b1342c2a36a56ed743986a,branch:master). Game began 2023-08-09 19:06:04, ended 2023-08-09 19:14:42. Arasaka, neutral female gnomish Archeologist -- -- -.- --.-- ----- ..-- ---....| |...| ------ -- ...--|..... ...| --.|..-- --.--- -...--...| -..| #......-- ---....| | |.......- --..-# ##-......----..)...| |. |......-- |.*..### ---.................-- |. ---.....| --- -#)--..#- |.....---.------.|.-- |! |.--..-- ---.-- ----)---#..# --...--- --.| |.|-- |. --.|--..-- |....-- |....# ##.|#--...-- -- |.| |.----- ---..---...| |.....---.--## |.||.....| |.| |.|...-- |.......-..----.....d@@| #.-|.----- |.-- ---......| |..|.....G.............| |..|.| |.*| -. ---.......--------.............--..-| --..|.| --.| |............................--..----..-- #|.....| |.--- ----............-----.......----..| |...-- *[#..^*.---- |...--- --..........-- |......-- |..| |....- #.........- ---...| |......<---- ---.....| ---- ---...|0#-..-#-....| |...| |..|.---- ---..-- ---- #--- --.-- ----- ----- |..| -- ---- Arasaka the Field Worker St:11 Dx:10 Co:15 In:16 Wi:12 Ch:11 Neutral Dlvl:4 $:53 HP:0(28) Pw:12(12) AC:7 Xp:3/43 T:1474 Latest messages: e - an uncursed +0 pick-axe. What do you want to wield? [- aej or ?*] e - an uncursed +0 pick-axe (weapon in hand). Korone drops a rock. You start digging. Korone picks up a rock. Korone drops a rock. You hit the rock with all your might. The large kobold throws a runed dagger! You are hit by a runed dagger. You stop digging. You continue digging. You make an opening in the wall. The large kobold misses! a - an uncursed +2 bullwhip (weapon in hand). e - an uncursed +0 pick-axe (alternate weapon; not wielded). The large kobold hits! You miss the large kobold. You kill the large kobold! Welcome to experience level 3. o - a scroll labeled PRATYAVAYAH (2 in total). C - a blue gem. What do you want to use or apply? [ae-girsz or ?*] What do you want to rub on the stone? [$C or ?*] C - a worthless piece of blue glass. You swap places with Korone. Korone bites the werejackal. The werejackal misses Korone. Korone bites the werejackal. Korone misses the werejackal. Korone bites the gnome. The gnome hits Korone. Korone misses the gnome. Korone misses the gnome. Korone bites the gnome. The gnome misses Korone. Korone misses the gnome. Korone bites the gnome. The gnome is killed! Korone grows up into a dog. The werejackal hits! The giant bat bites! What do you want to write with? [- agjnuvyC or ?*] You write in the dust with your fingertip. The giant bat turns to flee. The werejackal hits! Korone misses the werejackal. You lash the werejackal. The werejackal hits! You die... Inventory: Coins ('$') $ - 53 gold pieces Weapons (')') j - an uncursed +0 orcish dagger a - an uncursed +2 bullwhip (weapon in hand) Armor ('[') c - an uncursed +0 fedora (being worn) B - a cursed -1 pair of iron shoes (being worn) m - an uncursed +0 leather armor (being worn) b - an uncursed +0 leather jacket Comestibles ('%') A - a cursed cram ration d - 3 uncursed food rations l - an uncursed food ration x - a cursed food ration k - an uncursed tripe ration Scrolls ('?') o - 2 uncursed scrolls of create monster w - an uncursed scroll of identify p - an uncursed scroll of remove curse Tools ('(') z - an empty uncursed sack s - an uncursed bag of tricks (0:13) r - a blessed oil lamp e - an uncursed +0 pick-axe (alternate weapon; not wielded) i - an uncursed tin opener f - an uncursed tinning kit (0:38) Gems/Stones ('*') v - an uncursed garnet stone u - an uncursed worthless piece of black glass C - an uncursed worthless piece of blue glass n - an uncursed worthless piece of white glass y - an uncursed worthless piece of yellowish brown glass g - an uncursed touchstone Arasaka the Archeologist's attributes: Background: You were a Field Worker, a level 3 female gnomish Archeologist. You were neutral, on a mission for Camaxtli who was opposed by Quetzalcoatl (lawful) and Huhetotl (chaotic). You were in the Gnomish Mines, on level 4. You entered the dungeon 1474 turns ago. You had 43 experience points, 37 more were needed to attain level 4. Basics: You had 0 out of 28 hit points. You had all 12 energy points (spell power). Your armor class was 7. Your wallet contained 53 zorkmids. Autopickup was on for '$"?' plus thrown, with exceptions. Final Characteristics: Your strength was 11 (limit:18/50). Your dexterity was 10 (limit:18). Your constitution was 15 (limit:18). Your intelligence was 16 (limit:19). Your wisdom was 12 (limit:18). Your charisma was 11 (limit:18). Final Status: You were not hungry. You were unencumbered. You were wielding a whip. You had basic skill with whip. Final Attributes: You were devoutly aligned. You had automatic searching. You had infravision. You were warded. You are dead. Miscellaneous: You disabled loading of bones levels. Total elapsed playing time was 8 minutes and 37 seconds. Major events: Turn 1: Arasaka the neutral female gnomish Archeologist entered the dungeon 633: entered the Gnomish Mines 1441: attained the rank of Field Worker (level 3) 1474: killed by a werejackal Vanquished creatures: 2 dwarves 2 hobbits a large kobold a giant rat a green mold 2 gnomes 3 geckos 2 jackals 3 foxes a kobold 4 goblins a sewer rat 2 grid bugs 2 kobold zombies a newt 28 creatures vanquished. No species were genocided or became extinct. Voluntary challenges: You read items or engraved 1 time. You engraved Elbereth 1 time. You never genocided any monsters. You never polymorphed an object. You never changed form. You used no wishes. Achievements: You entered the Gnomish Mines. You entered a shop. You attained the rank of Field Worker. The Dungeons of Doom: levels 1 to 4 Level 1: An altar, a sink. Level 2: A fountain, a sink. Level 3: A scroll shop. Stairs down to The Gnomish Mines. Level 4: A general store, many altars. The Gnomish Mines: Level 4: <- You were here. Final resting place for you, killed by a werejackal. Game over: ---------- / \ / REST \ / IN \ / PEACE \ / \ | Arasaka | | 53 Au | | killed by a | | werejackal | | | | | | 2023 | *| * * * | * _________)/\\_//(\/(/\)/\//\/|_)_______ Goodbye Arasaka the Archeologist... You died in The Gnomish Mines on dungeon level 4 with 370 points, and 53 pieces of gold, after 1474 moves. You were level 3 with a maximum of 28 hit points when you died.